Unix NetHack Version 5.0.0-0 post-release - last build May 10 2026 23:12:36 (d1fa5d53e341ca933230fdaa984d921c805b60aa,branch:main).

Game began 2026-05-11 02:55:57, ended 2026-05-11 03:40:56.

Eesui, chaotic male human Rogue

                                ------  -----
                                |....|  |...|
                                |.00.----.0.|
                                |..0.......@|
                                |..--->---fd|
                                |---------.---
                                |.^.^.<|`....|
                                |%^----|.....|
                                --.|   |.....|
                                 |^-----.....|
                                 |.....^.....|
                                 |..----------
                                 ----

Eesui the Rogue         St:15 Dx:18 Co:17 In:8 Wi:10 Ch:9  Chaotic
Dlvl:5  $:34 HP:0(57) Pw:28(28) AC:-2 Xp:7/1020 T:7005  Hungry   Burdened

Latest messages:
 You read: "jfh".
 With great effort you move the boulder.
 You swap places with your large dog.
 The boulder suddenly rolls away from you!
 Thump!
 Click!  You trigger a rolling boulder trap!
 No boulder was released.
 You have a little trouble lifting C - a scroll called 200 ko.
 You have a little trouble lifting C - a scroll called 200 ko (2 in total).
 The boulder suddenly rolls away from you!
 You hear a boulder fall.
 #
 What do you want to call? [df-jnoqs-uwzA-CGIQZ or ?*]
 Click!  You trigger a rolling boulder trap!
 No boulder was released.
 You stop.  Your large cat doesn't want to swap places.
 You stop.  Your large dog doesn't want to swap places.
 You stop.  Your large dog doesn't want to swap places.
 Something is written here in the dust.
 You read: "i h".
 You are beginning to feel hungry.
 The mumak butts!
 The mumak bites!
 The large dog misses the mumak.
 The large dog bites the mumak.
 What do you want to zap? [iB or ?*]
 In what direction?
 The mumak butts!
 The mumak just misses!
 The large dog bites the mumak.
 The large dog bites the mumak.
 The mumak misses the large dog.
 The mumak misses the large dog.
 What do you want to zap? [iB or ?*]
 In what direction?
 The mumak vanishes!
 It misses!
 It misses!
 The large cat misses it.
 The large dog misses it.
 The large dog misses it.
 What do you want to write with? [- bch-jxzABNX or ?*]
 You write in the dust with your fingertip.
 It butts!
 You die...
 Do you want your possessions identified? [ynq] (y)
 Do you want to see your attributes? [ynq] (y)
 Do you want an account of creatures vanquished? [ynaq] (y)
 Do you want to see your conduct and achievements? [ynq] (y)
 Do you want to see the dungeon overview? [ynq] (y)

Inventory:
 Coins    ('$')
  $ - 34 gold pieces
 Amulets  ('"')
  n - an uncursed amulet of magical breathing (being worn)
 Weapons  (')')
  N - 4 +1 daggers
  b - 17 +0 daggers (at the ready)
  x - a +0 elven dagger
  c - the +0 Sting (weapon in right hand)
 Armor    ('[')
  G - an uncursed +0 dwarvish iron helm (being worn)
  d - an uncursed +0 orcish helm
  o - a blessed +0 pair of iron shoes (being worn)
  s - an uncursed +0 pair of iron shoes
  I - an uncursed +1 shield of drain resistance (being worn)
  t - a cursed -4 dwarvish cloak
  k - an uncursed +0 dwarvish mithril-coat (being worn)
 Comestibles  ('%')
  Y - 3 uncursed slime molds
  l - 3 uncursed food rations
  m - an uncursed partly eaten food ration
  v - an uncursed fortune cookie
  r - an uncursed pancake
  W - 2 uncursed tripe rations
  y - an uncursed egg
 Scrolls  ('?')
  w - an uncursed scroll of charging
  C - 2 uncursed scrolls of earth
  q - 2 uncursed scrolls of enchant armor
 Potions  ('!')
  g - a blessed potion of hallucination
  u - an uncursed potion of water
 Rings    ('=')
  A - a blessed +1 ring of increase accuracy
  h - an uncursed ring of poison resistance
 Wands    ('/')
  B - a wand of make invisible (0:5)
  i - a wand of teleportation (0:2)
 Tools    ('(')
  f - an uncursed oilskin sack containing 5 items
  Z - a magic flute (0:8)
  Q - an uncursed wooden harp
  U - an expensive camera (0:91)
  p - a +0 grappling hook
  R - an uncursed leash
  e - an uncursed lock pick
  M - an uncursed magic whistle
  X - an uncursed towel
 Gems/Stones  ('*')
  z - an uncursed opal
  j - 2 uncursed worthless pieces of black glass

Contents of the oilskin sack:
  440 gold pieces
  a blessed scroll of blank paper
  2 uncursed scrolls of earth
  a blessed scroll of identify
  a potion of holy water

Eesui the Rogue's attributes:

Background:
 You were a Rogue, level 7 male human.
 You were chaotic, on a mission for Kos
 who was opposed by Issek (lawful) and Mog (neutral).
 You were right-handed.
 You were in Sokoban, on level 5.
 You entered the dungeon 7005 turns ago.
 It was nighttime.
 You had 1020 experience points, 260 more were needed to attain level 8.

Basics:
 You had 0 out of 57 hit points.
 You had all 28 energy points (spell power).
 Your armor class was -2.
 Your wallet contained 34 zorkmids, and
 you had 440 more stashed away in your pack.
 Autopickup was on for '$?!/=+"' plus thrown.

Final Characteristics:
 Your strength was 15 (limit:18/100).
 Your dexterity was 18 (limit:18).
 Your constitution was 17 (limit:18).
 Your intelligence was 8 (limit:18).
 Your wisdom was 10 (limit:18).
 Your charisma was 9 (limit:18).

Final Status:
 You were hungry.
 You were burdened; movement was slightly slowed.
 You were wielding a dagger.
 You were skilled in dagger.

Final Attributes:
 You were piously aligned.
 You were level-drain resistant.
 You were aware of the presence of orcs.
 You were stealthy.
 You could survive without air.
 You were guarded.
 You are dead.

Miscellaneous:
 You disabled loading and storing of bones levels.
 Total elapsed playing time was 44 minutes and 59 seconds.

Major events:
 Turn
    1: Eesui the chaotic male human Rogue entered the dungeon
  900: entered the Gnomish Mines
 1158: attained the rank of Cutpurse (level 3)
 3129: attained the rank of Rogue (level 6)
 3549: reached Mine Town
 5590: chose an elven dagger to be named "Sting"
 6084: entered Sokoban
 7005: killed by an invisible mumak

You didn't know any spells.

Skills:
 Fighting Skills
   bare handed combat [Unskilled]
   two weapon combat  [Skilled]
   riding             [Unskilled]
 Weapon Skills
   dagger             [Skilled]
   knife              [Unskilled]
   short sword        [Basic]
   broadsword         [Unskilled]
   long sword         [Unskilled]
   two-handed sword   [Unskilled]
   saber              [Unskilled]
   club               [Unskilled]
   mace               [Unskilled]
   morning star       [Unskilled]
   flail              [Unskilled]
   hammer             [Unskilled]
   polearms           [Unskilled]
   spear              [Unskilled]
   crossbow           [Unskilled]
   dart               [Unskilled]
   shuriken           [Unskilled]
 Spellcasting Skills
   divination spells  [Unskilled]
   escape spells      [Unskilled]
   matter spells      [Unskilled]

Voluntary challenges:
 Character rerolling was not enabled.
 You never genocided any monsters.
 You never polymorphed an object.
 You never changed form.
 You used no wishes.
 You did not violate any of the special Sokoban rules.
Achievements:
 You entered a shop.
 You entered the Gnomish Mines.
 You attained the rank of Cutpurse.
 You attained the rank of Rogue.
 You entered Minetown.
 You entered a temple.
 You entered Sokoban.

 The Dungeons of Doom: levels 1 to 8
    Level 1:
       A fountain.
    Level 2:
       A fountain.
    Level 3:
       A general store, some fountains.
       Stairs down to The Gnomish Mines.
    Level 4:
       Some fountains.
    Level 5:
    Level 6:
       Stairs up to Sokoban, level 5.
    Level 7:
    Level 8:
 The Gnomish Mines: levels 4 to 7
    Level 4:
    Level 5:
    Level 6:
    Level 7:
       Many shops, a temple and an altar to Kos, some fountains.
 Sokoban:
    Level 5: <- You were here.
       Unsolved.
       Final resting place for
          you, killed by an invisible mumak.


Vanquished creatures:
 an elf mummy
  a giant beetle
  6 wolves
  a dwarf mummy
  a werewolf
  a lizard
  a dingo
  a plains centaur
  a gnome mummy
  2 snakes
 an ape
  a rope golem
  a bugbear
  2 mountain nymphs
  4 rock piercers
  a rock mole
  a pony
  a fog cloud
  2 yellow lights
  a violet fungus
  7 gnome leaders
  2 gnomish wizards
  2 kobold mummies
  a red naga hatchling
  a paper golem
  a baby crocodile
  6 giant ants
  a little dog
  a kitten
 11 dwarves
  a kobold leader
  a kobold shaman
  a rothe
  2 monkeys
  3 orc zombies
  2 dwarf zombies
  a wererat
  2 werejackals
  2 iguanas
  3 coyotes
  5 hobbits
  6 manes
  2 large kobolds
  2 hobgoblins
  a yellow mold
 26 gnomes
  4 gnome zombies
  6 geckos
  8 jackals
  a fox
  3 kobolds
  3 goblins
  a sewer rat
  5 grid bugs
  a bat
  9 lichens
  6 newts
171 creatures vanquished.

No species were genocided or became extinct.

Game over:
                       ----------
                      /          \
                     /    REST    \
                    /      IN      \
                   /     PEACE      \
                  /                  \
                  |      Eesui       |
                  |      474 Au      |
                  |   killed by an   |
                  | invisible mumak  |
                  |                  |
                  |                  |
                  |       2026       |
                 *|     *  *  *      | *
        _________)/\\_//(\/(/\)/\//\/|_)_______

Goodbye Eesui the Rogue...

You died in Sokoban on dungeon level 5 with 4857 points,
and 474 pieces of gold, after 7005 moves.
You were level 7 with a maximum of 57 hit points when you died.

